Unix NetHack Version 5.0.0-0 post-release - last build Jul 19 2026 19:10:59 (3aa4ab31751d3886436d94b585a96704892fd477,branch:main).

Game began 2026-07-25 16:21:56, ended 2026-07-25 16:30:53.

LDaviesPeters, neutral female human Archeologist

    -----------            ---------------
    |...<......############...........>..|
    |.........|            |..............#
    |.........|            |.............|#
    |.........|            |.............|#
    -----------            -----------.---#
                                          #
                                          #
                                          #
                                          #
                                          #
                                          #-----+------
                                          #...........-
                                           |..........|
                                +*########@B....%......
                                           |...>......|
                                           ------------

LDaviesPeters the Field Worker  St:17 Dx:9 Co:13 In:14 Wi:17 Ch:9  Neutral
Dlvl:3  $:0  HP:0(17) Pw:14(14) AC:8  Xp:3 T:824 

Latest messages:
 The gnome suddenly disappears!
 t - a red gem.
 You see here a blue gem.
 u - a blue gem.
 The gnome hits!
 You lash the gnome.
 You kill the gnome!
 The gnome hits!
 You kill the gnome!
 You see here a gray stone.
 The gnome lord picks up a gray stone.
 You find a sleeping gas trap.
 The gnome lord picks up a black gem.
 You climb up the stairs.
 You stop waiting.
 You miss the jackal.
 The jackal bites!
 You hear some noises.
 You miss the jackal.
 The jackal bites!
 You kill the jackal!
 Welcome to experience level 3.
 It bites the jackal.
 The jackal misses it.
 You kill the jackal!
 Your kitten eats a jackal corpse.
 Your kitten eats a jackal corpse.
 You hear some noises.
 What do you want to use or apply? [abfglp or ?*] u
 Sorry, I don't know how to use that.
 What do you want to use or apply? [abfglp or ?*] g
 What do you want to rub on the stone? [tu or ?*] t
 t - a worthless piece of red glass.
 What do you want to drop? [a-df-hjlo-qtu or ?*] t
 You drop a worthless piece of red glass.
 What do you want to use or apply? [abfglp or ?*] g
 What do you want to rub on the stone? [u or ?*] u
 u - a worthless piece of blue glass.
 What do you want to drop? [a-df-hjlo-qu or ?*] u
 You drop a worthless piece of blue glass.
 You attack thin air.
 You swap places with your kitten.
 The giant bat bites!
 You lash the giant bat.
 The giant bat bites!
 You lash the giant bat!
 The giant bat just misses!
 The giant bat bites!
 You die...
 Do you want your possessions identified? [ynq] (y) q

Inventory:
 Weapons  (')')
  j - a blessed +0 orcish dagger
  o - a +0 orcish dagger
  a - a +2 bullwhip (weapon in right hand)
 Armor    ('[')
  c - an uncursed +0 fedora
  q - an uncursed +0 orcish helm (being worn)
  h - an uncursed +0 leather jacket (being worn)
 Comestibles  ('%')
  d - 3 uncursed food rations
 Tools    ('(')
  b - an uncursed sack containing 5 items
  l - an uncursed oil lamp
  p - a +0 pick-axe
  f - a tinning kit (0:59)
 Gems/Stones  ('*')
  g - an uncursed touchstone

Contents of the sack:
  14 gold pieces
  a cursed scroll of destroy armor
  a cursed scroll of enchant weapon
  an uncursed scroll of food detection
  an uncursed potion of booze

LDaviesPeters the Archeologist's attributes:

Background:
 You were a Field Worker, a level 3 female human Archeologist.
 You were neutral, on a mission for Camaxtli
 who was opposed by Quetzalcoatl (lawful) and Huhetotl (chaotic).
 You were right-handed.
 You were in the Dungeons of Doom, on level 3.
 You entered the dungeon 824 turns ago.
 You had 41 experience points, 39 more were needed to attain level 4.

Basics:
 You had 0 out of 17 hit points.
 You had all 14 energy points (spell power).
 Your armor class was 8.
 Your wallet was empty, but
 you had 14 zorkmids stashed away in your pack.
 Autopickup was off.

Final Characteristics:
 Your strength was 17 (limit:18/100).
 Your dexterity was 9 (limit:18).
 Your constitution was 13 (limit:18).
 Your intelligence was 14 (limit:18).
 Your wisdom was 17 (limit:18).
 Your charisma was 9 (limit:18).

Final Status:
 You weren't hungry.
 You were unencumbered.
 You were wielding a whip.
 You had basic skill with whip.

Final Attributes:
 You were fervently aligned.
 You had automatic searching.
 You are dead.

Miscellaneous:
 You didn't encounter any bones levels.
 Total elapsed playing time was 8 minutes and 56 seconds.

Major events:
 Turn
    1: LDaviesPeters the neutral female human Archeologist entered the dungeon
  699: entered the Gnomish Mines
  755: attained the rank of Field Worker (level 3)
  824: killed by a giant bat

You didn't know any spells.

Skills:
 Fighting Skills
   bare handed combat [Unskilled]
   two weapon combat  [Unskilled]
   riding             [Unskilled]
 Weapon Skills
   dagger             [Unskilled]
   knife              [Unskilled]
   pick-axe           [Basic]
   short sword        [Unskilled]
   saber              [Unskilled]
   club               [Unskilled]
   quarterstaff       [Unskilled]
   sling              [Unskilled]
   dart               [Unskilled]
   boomerang          [Unskilled]
   whip               [Basic]
   unicorn horn       [Unskilled]
 Spellcasting Skills
   attack spells      [Unskilled]
   healing spells     [Unskilled]
   divination spells  [Unskilled]
   matter spells      [Unskilled]

Voluntary challenges:
 Character rerolling was not enabled.
 You never genocided any monsters.
 You never polymorphed an object.
 You never changed form.
 You used no wishes.
Achievements:
 You entered the Gnomish Mines.
 You attained the rank of Field Worker.

 The Dungeons of Doom: levels 1 to 4
    Level 1:
    Level 2:
       An altar, many fountains, many trees.
    Level 3: <- You were here.
       Stairs down to The Gnomish Mines.
       Final resting place for
          you, killed by a giant bat.
    Level 4:
 The Gnomish Mines:
    Level 4:


Vanquished creatures:
  a coyote
  a large kobold
  2 gnomes
  a gnome zombie
  5 jackals
  2 goblins
  4 grid bugs
  a lichen
  2 newts
19 creatures vanquished.

No species were genocided or became extinct.

Game over:
                       ----------
                      /          \
                     /    REST    \
                    /      IN      \
                   /     PEACE      \
                  /                  \
                  |  LDaviesPeters   |
                  |      14 Au       |
                  |   killed by a    |
                  |    giant bat     |
                  |                  |
                  |                  |
                  |       2026       |
                 *|     *  *  *      | *
        _________)/\\_//(\/(/\)/\//\/|_)_______

Goodbye LDaviesPeters the Archeologist...

You died in The Dungeons of Doom on dungeon level 3 with 327 points,
and 14 pieces of gold, after 824 moves.
You were level 3 with a maximum of 17 hit points when you died.

